 Dungeon Crawl Stone Soup version 0.31.0-32-g396128a36d (webtiles) character file.

Game seed: 16676860100497838628

361 FexLirch the Sneak (level 6, -3/41 HPs)
             Began as an Octopode Earth Elementalist on Mar 24, 2024.
             Slain by a phantom (6 damage)
             ... on level 4 of the Dungeon.
             The game lasted 00:06:38 (3413 turns).

FexLirch the Sneak (Octopode Earth Elementalist)    Turns: 3413, Time: 00:06:39

Health: -3/41      AC:  1    Str:  8    XL:     6   Next: 66%
Magic:  0/9        EV: 13    Int: 19    God:
Gold:   205        SH:  4    Dex: 12    Spells: 2/9 levels left

rFire   . . .        i - +1 dagger (venom)
rCold   . . .        s - +0 buckler {reflect}
rNeg    . . .        (helmet restricted)
rPois   .            (no amulet)
rElec   .            d - ring of wizardry
rCorr   .            (no ring)
SInv    .            (no ring)
Will    .....        (no ring)
Stlth   ++++         (no ring)
HPRegen 0.26/turn    (no ring)
MPRegen 0.11/turn    (no ring)
                     (no ring)

%: reflection, wizardry (x1)
@: no status effects
A: almost no armour, amphibious, 8 rings, camouflage 1, gelatinous body 1,
(nimble swimmer 1), tentacles
a: no special abilities


You were on level 4 of the Dungeon.
You visited 1 branch of the dungeon, and saw 4 of its levels.

You collected 205 gold pieces.

Inventory:

Hand Weapons
 i - a +1 dagger of venom (weapon)
Missiles
 b - 35 stones
 h - 2 poisoned darts
Armour
 s - a +0 buckler of reflection (worn)
Jewellery
 d - a ring of wizardry (left tentacle)
 p - a ring of ice
Talismans
 j - a flux talisman
Wands
 l - a wand of polymorph (6)
Scrolls
 c - a scroll of blinking {unknown}
 e - 3 scrolls of noise
 k - a scroll of enchant weapon {unknown}
 o - a scroll of amnesia {unknown}
 r - a scroll of poison {unknown}
Potions
 a - a potion of magic
 f - a potion of curing {unknown}
 g - a potion of ambrosia {unknown}
 m - a potion of heal wounds {unknown}
 n - a potion of attraction {unknown}
 q - a potion of might {unknown}


   Skills:
 + Level 2.5 Fighting
 + Level 3.4 Dodging
 + Level 4.8 Stealth
 + Level 1.2 Shields
 - Level 2.0 Spellcasting
 + Level 2.8 Conjurations
 + Level 4.1 Earth Magic


You had 2 spell levels left.
You knew the following spells:

 Your Spells              Type           Power      Damage    Failure   Level
a - Sandblast             Erth           34%        2d9       1%          1
b - Passwall              Erth           17%        N/A       6%          3
c - Stone Arrow           Conj/Erth      30%        3d8       8%          3

Your spell library contained the following spells:

 Spells                   Type           Power      Damage    Failure   Level
 Brom's Barrelling Bould  Conj/Erth      15%        2d4       26%         4
 Petrify                  Alch/Erth      9%         N/A       41%         4


Dungeon Overview and Level Annotations

Branches:
Dungeon (4/15)
 Temple: D:4-7

Altars:
Ru

Annotations:
D:3 Sigmund


Innate Abilities, Weirdness & Mutations

You cannot wear most types of armour.
You are amphibious.
You can wear up to eight rings at the same time.
Your skin changes colour to match your surroundings (Stealth+).
Your rubbery body absorbs attacks. (AC +1, EV +1)
((You are camouflaged when in or above water. (Stealth+)))
You have tentacles for arms and can constrict up to eight enemies at once.


Message History

Aiming: Sandblast (safe; 1% risk of failure)
Press: ? - help, Shift-Dir - straight line, f/p - phantom
Aim: a phantom (heavily damaged, 75% to hit)
The blast of sand misses the phantom.
The phantom hits you. x2
The phantom blinks!
You blink.
You hit the phantom but do no damage.
The phantom is heavily damaged.
The phantom hits you!
You completely miss the phantom.
The phantom is heavily damaged.
The phantom hits you.
* * * LOW HITPOINT WARNING * * *
You miss the phantom.
The phantom is heavily damaged.
The phantom hits you.
* * * LOW HITPOINT WARNING * * *
The phantom blinks!
You blink.
You barely miss the phantom.
The phantom is heavily damaged.
The phantom hits you but does no damage.
You closely miss the phantom.
The phantom is heavily damaged.
The phantom barely misses you.
Casting: Sandblast (safe; 1% risk of failure)
Confirm with . or Enter, or press ? or * to list all spells.
Aiming: Sandblast (safe; 1% risk of failure)
Press: ? - help, Shift-Dir - straight line, f/p - phantom
Aim: a phantom (heavily damaged, 75% to hit)
The blast of sand hits the phantom!
The phantom is severely damaged.
The phantom barely misses you. You block the phantom's attack.
You hit the phantom but do no damage.
The phantom is severely damaged.
The phantom hits you.
* * * LOW HITPOINT WARNING * * *
The phantom blinks!
You blink.
The phantom attacks as it pursues you! The phantom misses you.
The phantom attacks as it pursues you! You block the phantom's attack.
The phantom attacks as it pursues you! The phantom hits you.
You die...

#.# #######.####. #.#
...........#. #.####
...........## #.##..
...........## #.##.#
............# #.##.#
............# #..#.#
............# ##.#[#
#.#########.# #.#@# ##
#.# ###.#W# # #^#
#...#.######.# #.#
###.#........#######'#
#.....................
##....................
#.###.#####..........
#. #.# .......<.. #.
#.# #........


You could see a phantom.

Vanquished Creatures
  A black bear (D:4)
  An orc priest (D:3)
  2 iguanas (D:4)
  An orc wizard (D:4)
  Natasha (D:2)
  6 adders
  A dart slug (D:2)
  2 ribbon worms (D:3)
  4 orcs
  9 ball pythons
  7 endoplasms
  5 giant cockroaches
  2 goblins
  6 hobgoblins
  4 quokkas
  7 bats
  5 frilled lizards
  10 kobolds
  4 rats
78 creatures vanquished.

Notes
Turn   | Place    | Note
-------+----------+-------------------------------------------
     0 | D:1      | FexLirch the Octopode Earth Elementalist began the quest
                  | for the Orb.
     0 | D:1      | Reached XP level 1. HP: 11/11 MP: 3/3
   173 | D:1      | Reached XP level 2. HP: 18/18 MP: 1/5
   564 | D:1      | Reached XP level 3. HP: 22/22 MP: 4/6
   568 | D:1      | Learned a level 3 spell: Passwall
   721 | D:1      | Reached skill level 1 in Fighting
  1673 | D:2      | Noticed Natasha
  1707 | D:3      | Reached XP level 4. HP: 28/28 MP: 4/7
  1712 | D:3      | Learned a level 3 spell: Stone Arrow
  1857 | D:2      | Killed Natasha
  2137 | D:3      | Reached XP level 5. HP: 33/34 MP: 5/8
  2545 | D:3      | Noticed Sigmund
  2842 | D:4      | Noticed a black bear
  2849 | D:4      | Killed a black bear
  2850 | D:4      | Reached XP level 6. HP: 5/39 MP: 1/9
  3023 | D:4      | Reached skill level 1 in Shields
  3173 | D:4      | Found a sacrificial altar of Ru.
  3408 | D:4      | HP: 2/41 [phantom (4)]
  3413 | D:4      | Slain by a phantom

Illustrated notes

Levels and vault maps discovered:
D:1:      minmay_arrival_diagonal_passages, layout_basic
D:2:      layout_loops_corners, serial_forest, infiniplex_forest_lined_3,
          infiniplex_forest_lined_2, infiniplex_forest_zigzag_1,
          infiniplex_forest_straight_2, infiniplex_forest_straight_4,
          infiniplex_forest_lined_room_2, infiniplex_forest_clump_medium,
          skrybe_limestone_x, minmay_domino_2, uniq_natasha
D:3:      layout_rooms, uniq_sigmund
D:4:      layout_basic, nicolae_ru_great_annihilating_truth

Skill      XL: |  1  2  3  4  5  6 |
---------------+-------------------+-----
Stealth        | 3 4 |  4.8
Fighting       | 1 2 |  2.5
Conjurations   | 2 |  2.8
Dodging        | 3 |  3.4
Shields        | 1 |  1.2
Earth Magic    | 4 |  4.1
Spellcasting   | |  2.0

Action                     |  1- 3 |  4- 6 || total
---------------------------+-------+-------++-------
  Melee: Tentacles         |     4 |     7 ||    11
         Unarmed           |     4 |       ||     4
         Constrict         |     1 |     9 ||    10
         Dagger            |       |    32 ||    32
         Punch             |       |     1 ||     1
   Cast: Sandblast         |    51 |    59 ||   110
         Stone Arrow       |       |    10 ||    10
    Use: Scroll            |       |     2 ||     2
         Potion            |       |     1 ||     1
   Stab: Sleeping          |       |     2 ||     2
         Paralysed         |       |     1 ||     1
 Armour: Skin              |    14 |    41 ||    55
  Dodge: Dodged            |    15 |    58 ||    73
  Block: Buckler           |       |    10 ||    10
